 Dungeon Crawl Stone Soup version 0.31.0-11-ge490571c62 (webtiles) character file.

Game seed: 12097478232091190494

115 qw the Ducker (level 4, -4/22 HPs)
             Began as a Spriggan Hunter on Feb 4, 2024.
             Slain by an orc
             ... wielding a +0 whip
              (5 damage)
             ... on level 3 of the Dungeon.
             The game lasted 00:01:00 (1973 turns).

qw the Ducker (Spriggan Hunter)                     Turns: 1973, Time: 00:01:00

Health: -4/22      AC:  2    Str:  7    XL:     4   Next: 68%
Magic:  5/5        EV: 20    Int: 10    God:
Gold:   29         SH:  0    Dex: 20    Spells: 3/3 levels left

rFire   + . .        a - +0 shortbow
rCold   . . .        (shield currently unavailable)
rNeg    . . .        c - +0 robe
rPois   .            (helmet restricted)
rElec   .            (no cloak)
rCorr   .            (gloves unavailable)
SInv    +            (boots unavailable)
Will    .....        (no amulet)
Stlth   ++           b - ring of protection from fire
HPRegen 0.23/turn    (no ring)
MPRegen 0.09/turn

%: no passive effects
@: about to teleport, very quick
A: very small, no large weapons, unfitting armour, see invisible, speed 3
a: no special abilities


You were on level 3 of the Dungeon.
You visited 1 branch of the dungeon, and saw 3 of its levels.

You collected 169 gold pieces.
You spent 140 gold pieces at shops.


Innate Abilities, Weirdness & Mutations

You are very small and have problems with some larger weapons.
You are too small for most types of armour.
You have supernaturally acute eyesight. (SInv)
You cover ground extremely quickly. (Speed+++)


   Skills:
 + Level 1.6 Fighting
 - Level 5.0 Ranged Weapons
 - Level 5.2 Dodging
 - Level 1.5 Stealth


You had 3 spell levels left.
You didn't know any spells.
Your spell library was empty.

Inventory:

Hand Weapons
 a - a +0 shortbow (weapon)
Armour
 c - a +0 robe (worn)
Jewellery
 b - a ring of protection from fire (left hand)
Scrolls
 d - a scroll of teleportation
 f - a scroll of identify
Potions
 e - 2 potions of mutation

Dungeon Overview and Level Annotations

Branches:
Dungeon (3/15)

Altars:
Yredelemnul

Shops:
D:2 ?


Message History

The arrow hits the orc priest but does no damage.
The orc misses you. The orc priest closely misses you.
The orc completely misses you.
You shoot an arrow. The arrow hits the orc priest.
The orc priest is lightly wounded.
The orc closely misses you. The orc priest misses you.
The orc barely misses you. The orc closely misses you.
The orc priest hits you but does no damage.
The orc completely misses you.
You shoot an arrow. The arrow hits the orc priest.
The orc priest is heavily wounded.
The orc hits you with a +0 club. The orc completely misses you.
The orc priest misses you.
You shoot an arrow. The arrow hits the orc priest!
The orc priest is almost dead.
The orc closely misses you.
The orc priest looks satisfied for a moment.
The orc barely misses you.
You shoot an arrow.
The arrow closely misses the orc priest.
The orc closely misses you. The orc completely misses you.
The orc priest closely misses you.
You shoot an arrow. The arrow hits the orc priest!
You kill the orc priest!
The orc completely misses you. The orc misses you.
Your Dodging skill increases to level 5!
You shoot an arrow. The arrow hits the orc!
You kill the orc!
The orc misses you.
You shoot an arrow.
The arrow hits the orc but does no damage.
The orc completely misses you. The orc hits you with a +0 whip.
You shoot an arrow.
The arrow hits the orc but does no damage.
The orc hits you with a +0 club. The orc hits you with a +0 whip.
1973 ||| READING 2 scrolls of teleportation.
As you read the scroll of teleportation, it crumbles to dust.
You feel strangely unstable. The orc misses you.
The orc hits you with a +0 whip.
You die...

..P.P...### #..#
#)....### #..#
#####.#
#..######## #.#
#.......... .#
#.########.
#.####
######.<..#####
..........oo..?#
####.#####@#...#
# #)# o.# #..


.oo .... o.# #.%.. .# #..... # #.....# ......# You could see 2 orcs.

Vanquished Creatures
  An orc priest (D:3)
  3 adders
  4 dart slugs
  2 orcs (D:3)
  5 endoplasms (D:1)
  2 giant cockroaches
  4 hobgoblins
  6 kobolds
  A quokka (D:2)
  5 ball pythons
  8 bats
  2 frilled lizards
  3 goblins (D:1)
  3 rats (D:1)
49 creatures vanquished.

Notes
Turn   | Place    | Note
-------+----------+-------------------------------------------
     0 | D:1      | qw the Spriggan Hunter began the quest for the Orb.
     0 | D:1      | Reached XP level 1. HP: 10/10 MP: 2/2
     0 | D:1      | 0 ||| qw: Version: 0.3-a-160-g6735b56
     0 | D:1      | 0 ||| qw: Game counter: 5938
     0 | D:1      | 0 ||| qw: Melee chars always use a shield: true
     0 | D:1      | 0 ||| qw: God list: Okawaru
     0 | D:1      | 0 ||| qw: Allow faded altars: false
     0 | D:1      | 0 ||| qw: Do Orc after clearing Dungeon:15 true
     0 | D:1      | 0 ||| qw: Do second Lair branch before Depths: true
     0 | D:1      | 0 ||| qw: Lair rune preference: random
     0 | D:1      | 0 ||| qw: Goals: Normal
     0 | D:1      | 0 ||| PLANNING D:1-11
    65 | D:1      | Reached skill level 3 in Dodging
   140 | D:1      | Reached XP level 2. HP: 14/14 MP: 3/3
   432 | D:1      | Found a faded altar of an unknown god.
   491 | D:1      | Reached XP level 3. HP: 18/18 MP: 4/4
   941 | D:1      | 941 ||| READING scroll labelled DAREKH PEMECI.
  1042 | D:1      | 1042 ||| DRINKING 2 lumpy emerald potions.
  1147 | D:1      | 1147 ||| DRINKING 2 fuming brown potions.
  1148 | D:1      | 1148 ||| DRINKING murky emerald potion.
  1149 | D:1      | 1149 ||| DRINKING viscous orange potion.
  1154 | D:1      | 1154 ||| DROPPING scroll of butterflies.
  1155 | D:1      | 1155 ||| DROPPING potion of berserk rage.
  1156 | D:1      | 1156 ||| DROPPING potion of ambrosia.
  1533 | D:2      | Found Don Ven's Magic Scroll Boutique.
  1541 | D:2      | 1541 ||| BUYING 2 scrolls of identify (56 gold).
  1541 | D:2      | Bought 2 scrolls of identify for 56 gold pieces
  1541 | D:2      | 1541 ||| SHOPLISTING scroll of enchant weapon (105 gold,
                  | have 103).
  1541 | D:2      | 1541 ||| BUYING scroll of identify (28 gold).
  1541 | D:2      | Bought a scroll of identify for 28 gold pieces
  1541 | D:2      | 1541 ||| BUYING scroll of identify (28 gold).
  1541 | D:2      | Bought a scroll of identify for 28 gold pieces
  1541 | D:2      | 1541 ||| BUYING scroll of identify (28 gold).
  1541 | D:2      | Bought a scroll of identify for 28 gold pieces
  1541 | D:2      | 1541 ||| SHOPLISTING scroll of identify (28 gold, have 19).
  1822 | D:2      | 1822 ||| UPGRADING to ring of protection from fire.
  1823 | D:2      | 1823 ||| READING 5 scrolls of identify.
  1823 | D:2      | 1823 ||| IDENTIFYING metallic ruby potion
  1824 | D:2      | 1824 ||| READING 4 scrolls of identify.
  1824 | D:2      | 1824 ||| IDENTIFYING fizzy amethyst potion
  1825 | D:2      | 1825 ||| READING 3 scrolls of identify.
  1825 | D:2      | 1825 ||| IDENTIFYING scroll labelled XUOWACUUME
  1826 | D:2      | 1826 ||| READING 2 scrolls of identify.
  1826 | D:2      | 1826 ||| IDENTIFYING scroll labelled QEMEAL QIL ETT
  1827 | D:2      | 1827 ||| DROPPING scroll of amnesia.
  1828 | D:2      | 1828 ||| DROPPING potion of brilliance.
  1870 | D:3      | Reached XP level 4. HP: 22/22 MP: 5/5
  1910 | D:3      | Found a basalt altar of Yredelemnul.
  1955 | D:3      | 1955 ||| RETREEEEATING.
  1972 | D:3      | HP: 4/22 [orc/+0 club (2)]
  1972 | D:3      | HP: 1/22 [orc/+0 whip (3)]
  1973 | D:3      | 1973 ||| READING 2 scrolls of teleportation.
  1973 | D:3      | Slain by an orc

Levels and vault maps discovered:
D:1:      kennysheep_arrival_seaside, layout_basic,
          ebering_ecumenical_altar_mist
D:2:      layout_loops_ring, serial_shops, shop_statue
D:3:      layout_loops_ring, yredelemnul_altar_generic

Skill      XL: |  1  2  3  4 |
---------------+-------------+-----
Dodging        | 3 4 5 |  5.2
Ranged Weapons | 5 |  5.0
Fighting       | |  1.6
Stealth        | |  1.5

Action                     |  1- 3 |  4- 6 || total
---------------------------+-------+-------++-------
   Fire: Shortbow          |   115 |    30 ||   145
    Use: Scroll            |     5 |     1 ||     6
         Potion            |     4 |       ||     4
 Armour: Robe              |    12 |    11 ||    23
  Dodge: Dodged            |    43 |    28 ||    71

Table legend:
 A = Non-vault XP
 B = Vault XP
 C = Vault XP percentage of total XP
 D = Non-vault monster count
 E = Vault monster count
 F = Vault count percentage of total count
                 A         B        C        D         E       F
            +---------+---------+-------+---------+---------+-------
      Total |     165 |       0 |   0.0 |      49 |       0 |   0.0
            +---------+---------+-------+---------+---------+-------
        D:1 |      52 |       0 |   0.0 |      29 |       0 |   0.0
        D:2 |      44 |       0 |   0.0 |      11 |       0 |   0.0
        D:3 |      69 |       0 |   0.0 |       9 |       0 |   0.0
            +---------+---------+-------+---------+---------+-------
